 Dungeon Crawl Stone Soup version 0.32-a0-872-g59262bd (webtiles) character file.

Game seed: 7438767882992236217

5083 Kosidy the Toxicologist (level 10, 0/84 HPs)
             Began as a Naga Alchemist on Mar 30, 2024.
             Was a Priest of Cheibriados.
             Slain by a troll (11 damage)
             ... on level 9 of the Dungeon.
             The game lasted 00:19:03 (9730 turns).

Kosidy the Toxicologist (Naga Alchemist)            Turns: 9730, Time: 00:19:04

Health: 0/84       AC: 15    Str: 18    XL:     10   Next: 57%
Magic:  2/22       EV: 10    Int: 27    God:    Cheibriados [***...]
Gold:   745        SH:  0    Dex: 18    Spells: 8/25 levels left

rFire   + . .        C - +7 rapier of Ignis's Whim {protect, rPois}
rCold   . . .        (no shield)
rNeg    . . .        G - +2 robe {rF+}
rPois   +            q - +0 helmet
rElec   .            s - +0 cloak
rCorr   .            (no gloves)
SInv    +            (no barding)
Will    +....        (no amulet)
Stlth   ++++         (no ring)
HPRegen 0.34/turn    (no ring)
MPRegen 0.18/turn

%: no passive effects
@: under a protective aura, very slow
A: AC +3, large, see invisible, deformed body, poison resistance, slowness 2,
spit poison 1, naga tail 1
a: Spit Poison, Renounce Religion, Bend Time, Temporal Distortion


You were on level 9 of the Dungeon.
You worshipped Cheibriados.
Cheibriados was most pleased with you.
You visited 2 branches of the dungeon, and saw 10 of its levels.

You collected 745 gold pieces.

Inventory:

Hand Weapons
 j - a +2 scythe of protection
 n - a +2 dagger of electrocution
 C - the +7 rapier of Ignis's Whim (weapon) {protect, rPois}
   (You found it on level 6 of the Dungeon)

   rPois:     It protects you from poison.
Missiles
 I - a throwing net
Armour
 a - a +0 robe
 q - a +0 helmet (worn)
 s - a +0 cloak (worn)
 G - a +2 robe of fire resistance (worn)
Jewellery
 g - a ring of resist corrosion
 v - a ring of positive energy
 F - an amulet of faith
Wands
 m - a wand of flame (14)
Scrolls
 c - 2 scrolls of blinking {unknown}
 d - 3 scrolls of vulnerability
 k - a scroll of fear {unknown}
 p - a scroll of fog
 r - 3 scrolls of identify {unknown}
 t - 3 scrolls of revelation {unknown}
 u - 2 scrolls of teleportation {unknown}
 x - a scroll of enchant armour {unknown}
 y - a scroll of noise {unknown}
 H - a scroll of immolation {unknown}
Potions
 b - 3 potions of magic
 e - 3 potions of degeneration {unknown}
 f - 2 potions of mutation {unknown}
 h - 7 potions of curing {unknown}
 i - a potion of haste {unknown}
 l - 4 potions of heal wounds {unknown}
 o - 2 potions of attraction {unknown}
 w - a potion of brilliance {unknown}
 z - 3 potions of might {unknown}
 A - a potion of enlightenment {unknown}
 B - a potion of cancellation {unknown}
 D - a potion of invisibility {unknown}
 E - a potion of berserk rage {unknown}


   Skills:
 + Level 3.1 Fighting
 + Level 4.7 Short Blades
 + Level 0.8 Polearms
 + Level 3.4 Dodging
 + Level 6.5 Stealth
 + Level 0.6 Unarmed Combat
 + Level 8.1 Spellcasting
 + Level 3.0 Conjurations
 + Level 2.3 Fire Magic
 + Level 0.4 Air Magic
 + Level 9.4 Alchemy
 * Level 5.4 Invocations


You had 8 spell levels left.
You knew the following spells:

 Your Spells              Type           Power      Damage    Failure   Level
a - Sting                 Conj/Alch      100%       1d9       1%          1
b - Mephitic Cloud        Conj/Alch/Air  34%        N/A       2%          3
c - Olgreb's Toxic Radia  Alch           58%        N/A       1%          4
d - Alistair's Intoxicat  Alch           38%        N/A       3%          5
e - Sticky Flame          Fire/Alch      42%        2d8       4%          4

Your spell library contained the following spells:

 Spells                   Type           Power      Damage    Failure   Level
 Mercury Vapours          Alch/Air       74%        N/A       1%          2
 Shock                    Conj/Air       80%        1d8       2%          1
 Apportation              Tloc           20%        N/A       5%          1
 Freeze                   Ice            40%        1d6       5%          1
 Jinxbite                 Hex            20%        N/A       8%          2
 Hailstorm                Conj/Ice       19%        3d7       9%          3
 Swiftness                Air            13%        N/A       13%         3
 Frozen Ramparts          Ice            20%        1d4       16%         3
 Airstrike                Air            6%         2d(1-17)  41%         4


Dungeon Overview and Level Annotations

Branches:
Dungeon (9/15)             Temple (1/1) D:6
   Lair: D:8-11         Orc: D:9-12

Altars:
Ashenzari
Cheibriados
Dithmenos
Elyvilon
Fedhas
Gozag
Hepliaklqana
Kikubaaqudgha
Makhleb
Nemelex Xobeh
Okawaru
Qazlal
Ru
Sif Muna
Trog
Vehumet
Wu Jian
Xom
Yredelemnul
Zin
The Shining One

Shops:
D:6 (


Innate Abilities, Weirdness & Mutations

Your serpentine skin is tough. (AC +3)
You have supernaturally acute eyesight. (SInv)
Armour fits poorly on your strangely shaped body.
Your system is resistant to poisons. (rPois)
You cover ground very slowly.
You can spit poison.
You have a snake-like lower body.


Message History

Press: ? - help, Shift-Dir - straight line, f - troll
Aim: a troll (noxious fumes, lightly wounded, confused)
The sticky flame hits the troll!
The troll is heavily wounded.
The troll burns!
The troll is engulfed in noxious fumes.
The troll grins madly.
You hit the troll.
The troll is severely wounded.
The troll burns!
The troll stops burning.
Unknown command.
A bullfrog comes into view.
The troll bites the bullfrog!!
The bullfrog gives a loud, deep croak!
The troll closely misses the bullfrog.
The troll claws the bullfrog!
The bullfrog is killed!
Cheibriados thoroughly appreciates the change of pace.
The troll seems less confused.
The troll barely misses you.
The troll claws you. x2; The troll misses you.
The troll barely misses you. The troll closely misses you.
Unknown command.
You hit the troll.
Your weapon exudes an aura of protection.
The troll is almost dead.
The troll bites you but does no damage. The troll claws you!
* * * LOW HITPOINT WARNING * * *
The troll claws you but does no damage.
You hit the troll but do no damage.
The troll is almost dead.
The troll bites you but does no damage. The troll claws you.
* * * LOW HITPOINT WARNING * * *
The troll claws you.
* * * LOW HITPOINT WARNING * * *
Unknown command.
Unknown command.
Unknown command.
You barely miss the troll.
The troll is almost dead.
The troll bites you!
You die...
Cheibriados appreciates the motionlessness of death.

#.##.........#
.............#
...##'######## .#.....
...##.############
.#.....
...##.##......(..#
.....)
#####.##.#######.# ....)
.........# #.# ...##
.####.##########.# ....#
.# #............@##....#
.###.#.####.....T)†....#
.....#.# #.#######....#
######.# # ....# #.#
..#.# #.# ### # #.# #.#


You could see a troll.

Vanquished Creatures
  Pikel (D:7)
  A tengu conjurer (D:8)
  A hornet (D:9)
  Sigmund (D:2)
  2 wyverns (D:9)
  A steam dragon (D:9)
  An acid dragon (D:9)
  Duvessa (D:5)
  2 water moccasins (D:7)
  3 black bears
  2 ice beasts
  A sky beast (D:7)
  An orc warrior (D:7)
  2 ogres
  A centaur (D:9)
  A phantom (D:6)
  4 lemures (D:7)
  2 kobold brigands
  4 bullfrogs
  A gnoll sergeant (D:7)
  A scorpion (D:7)
  10 wights (D:8)
  Dowan (D:5)
  5 killer bees (D:8)
  2 howler monkeys
  A bombardier beetle (D:3)
  2 orc priests (D:7)
  A hound (D:6)
  2 jellies
  A gnoll bouda (D:7)
  Jessica (D:3)
  An iguana (D:5)
  Ijyb (D:3)
  Natasha (D:3)
  6 orc wizards
  Robin (D:3)
  10 gnolls (D:7)
  6 adders
  2 shadow imps (D:6)
  A white imp (D:3)
  3 ribbon worms
  A dart slug (D:4)
  25 orcs
  9 ball pythons
  14 endoplasms
  2 giant cockroaches
  16 goblins
  6 hobgoblins
  2 jackals (D:1)
  7 quokkas
  6 frilled lizards
  17 kobolds
  13 rats
210 creatures vanquished.

Notes
Turn   | Place    | Note
-------+----------+-------------------------------------------
     0 | D:1      | Kosidy the Naga Alchemist began the quest for the Orb.
     0 | D:1      | Reached XP level 1. HP: 15/15 MP: 3/3
   150 | D:1      | Reached skill level 4 in Alchemy
   150 | D:1      | Reached XP level 2. HP: 22/22 MP: 1/5
   700 | D:1      | Found a faded altar of an unknown god.
   777 | D:1      | Reached XP level 3. HP: 20/28 MP: 1/6
  1364 | D:2      | Noticed Sigmund
  1372 | D:2      | Killed Sigmund
  1373 | D:2      | Reached skill level 5 in Alchemy
  1373 | D:2      | Reached XP level 4. HP: 28/37 MP: 2/9
  1373 | D:2      | Reached XP level 5. HP: 33/43 MP: 2/10
  1506 | D:2      | Learned a level 3 spell: Mephitic Cloud
  1511 | D:2      | Learned a level 4 spell: Olgreb's Toxic Radiance
  1957 | D:3      | Noticed Ijyb
  2026 | D:3      | Found a shimmering blue altar of Sif Muna.
  2029 | D:3      | Killed Ijyb
  2030 | D:3      | Reached XP level 6. HP: 28/50 MP: 7/11
  2814 | D:3      | Noticed Jessica
  2815 | D:3      | Noticed Natasha
  2817 | D:3      | Killed Jessica
  2820 | D:3      | Killed Natasha
  2874 | D:3      | Noticed Robin
  2881 | D:3      | Killed Robin
  2887 | D:3      | Reached skill level 1 in Fighting
  3254 | D:4      | Noticed a black bear
  3260 | D:4      | Killed a black bear
  3261 | D:4      | Reached skill level 1 in Short Blades
  3261 | D:4      | Reached XP level 7. HP: 53/57 MP: 0/13
  3667 | D:4      | Reached skill level 5 in Stealth
  3667 | D:4      | Reached skill level 6 in Alchemy
  4251 | D:5      | Entered Level 5 of the Dungeon
  4276 | D:5      | Found a radiant altar of Vehumet.
  4725 | D:5      | Noticed Duvessa
  4727 | D:5      | Noticed Dowan
  4736 | D:5      | Killed Duvessa
  4739 | D:5      | Killed Dowan
  4740 | D:5      | Reached XP level 8. HP: 64/64 MP: 4/15
  4864 | D:5      | Reached skill level 5 in Spellcasting
  4986 | D:5      | Learned a level 5 spell: Alistair's Intoxication
  4991 | D:5      | Learned a level 4 spell: Sticky Flame
  6020 | D:6      | Identified the +7 rapier of Ignis's Whim {protect, rPois}
  6052 | D:6      | Found Dourhifi's Weapon Shop.
  6060 | D:6      | Reached skill level 7 in Alchemy
  6271 | D:6      | Found a staircase to the Ecumenical Temple.
  6277 | Temple   | Entered the Ecumenical Temple
  6376 | D:6      | Found a snail-covered altar of Cheibriados.
  6388 | D:6      | Became a worshipper of Cheibriados the Contemplative
  6714 | D:7      | Reached skill level 1 in Invocations
  6874 | D:7      | Reached XP level 9. HP: 63/73 MP: 0/18
  7104 | D:7      | Found a stormy altar of Qazlal.
  7242 | D:7      | Reached skill level 8 in Alchemy
  7427 | D:7      | Reached * piety under Cheibriados
  7787 | D:7      | Noticed Pikel
  7811 | D:7      | Killed Pikel
  7882 | D:7      | Found a basalt altar of Yredelemnul.
  8534 | D:8      | Noticed a tengu conjurer
  8561 | D:8      | Reached ** piety under Cheibriados
  8570 | D:8      | Reached skill level 1 in Fire Magic
  8570 | D:8      | Reached XP level 10. HP: 45/78 MP: 2/20
  8930 | D:8      | Reached skill level 9 in Alchemy
  9606 | D:9      | Found an ornate altar of the Wu Jian Council.
  9612 | D:9      | Reached skill level 5 in Invocations
  9701 | D:9      | Reached *** piety under Cheibriados
  9730 | D:9      | Slain by a troll

Illustrated notes

Levels and vault maps discovered:
D:1:      eino_arrival_water_cross, layout_basic,
          dreamdust_ecumenical_altar_grove, hex_medium, nrook_campfire,
          hangedman_abyss_or_decor_lesser_grid
D:2:      layout_basic, uniq_sigmund
D:3:      minmay_chambers_of_twos, layout_basic,
          mainiacjoe_overflow_small_starburst, uniq_robin, uniq_ijyb,
          uniq_jessica, uniq_natasha
D:4:      layout_layer_cave
D:5:      corexii_shack_village, layout_basic, mainiacjoe_overflow_alcove_1,
          uniq_duvessa
D:6:      layout_basic, slow_altar_1, minmay_temple_entry_enclosed_plants,
          serial_shops, shop, columned_hall_lemuel, kennysheep_decorative_pillar
D:7:      layout_basic, mainiacjoe_overflow_brackets, lemuel_doored_altar,
          uniq_pikel
D:8:      layout_loops_ring, chequers_serial_rivers_large_a, minmay_microvault
D:9:      layout_basic, pdpol_wu_jian_five_deadly_venoms
Temple:   regret_index_temple_waves

Skill      XL: |  1  2  3  4  5  6  7  8  9 10 |
---------------+-------------------------------+-----
Alchemy        | 4 5 6 7 8 9 |  9.4
Spellcasting   | 3 4 6 7 8 |  8.1
Conjurations   | 2 3 |  3.0
Stealth        | 4 5 6 |  6.5
Fighting       | 1 2 3 |  3.1
Short Blades   | 1 3 4 |  4.7
Dodging        | 2 3 |  3.4
Invocations    | 1 4 5 |  5.4
Fire Magic     | 1 2 |  2.3
Polearms       | |  0.8
Unarmed Combat | |  0.6
Air Magic      | |  0.4

Action                     |  1- 3 |  4- 6 |  7- 9 | 10-12 || total
---------------------------+-------+-------+-------+-------++-------
  Melee: Unarmed           |    20 |     5 |       |       ||    25
         Halberd           |       |    30 |       |       ||    30
         Punch             |       |     1 |       |       ||     1
         Dagger            |       |    32 |    68 |       ||   100
         Rapier            |       |       |   128 |    54 ||   182
   Cast: Sting             |    66 |    34 |     1 |       ||   101
         Olgreb's Toxic Ra |       |     6 |    36 |    12 ||    54
         Mephitic Cloud    |       |     2 |     2 |     1 ||     5
         Alistair's Intoxi |       |       |     6 |       ||     6
         Sticky Flame      |       |       |     7 |     7 ||    14
    Use: Scroll            |       |       |     2 |       ||     2
   Stab: Sleeping          |       |     2 |     4 |       ||     6
         Confused          |       |     2 |     2 |     1 ||     5
         Distracted        |       |       |     1 |       ||     1
 Armour: Robe              |    15 |    67 |   140 |    63 ||   285
  Dodge: Dodged            |    11 |    37 |    83 |    40 ||   171

Table legend: (Time is in decaauts)
 A = Elapsed time spent in this place.
 B = Non-inter-level travel time spent in this place.
 C = Inter-level travel time spent in this place.
 D = Time resting spent in this place.
 E = Time spent auto-exploring this place.
 F = Levels seen in this place.
 G = Mean time per level.
                   A        B        C        D        E       F      G
               +--------+--------+--------+--------+--------+-----+--------+
         Total |  12989 |  12547 |    442 |    794 |   9961 |  10 | 1298.9 |
       Dungeon |  12987 |  12545 |    442 |    794 |   9961 |   9 | 1443.0 |
        Temple |      1 |      1 |      0 |      0 |      0 |   1 |    1.0 |
               +--------+--------+--------+--------+--------+-----+--------+

Top non-repeatable levels by time:
     D:7: 2699 daAuts
     D:8: 1855 daAuts
     D:5: 1546 daAuts
     D:6: 1483 daAuts
     D:3: 1435 daAuts
     D:4: 1320 daAuts
     D:1: 1252 daAuts
     D:2: 1148 daAuts
     D:9: 246 daAuts
  Temple: 1 daAuts
